 Dungeon Crawl Stone Soup version 0.18.1-1-g2f07953 (webtiles) character file.

226 Hipnos the Charlatan (level 6, 0/36 HPs)
             Began as a Kobold Artificer on May 7, 2016.
             Slain by a centaur zombie (6 damage)
             ... on level 4 of the Dungeon.
             The game lasted 00:13:53 (2976 turns).

Hipnos the Charlatan (Kobold Artificer)             Turns: 2976, Time: 00:13:54

Health: 0/36       AC:  4    Str:  9    XL:     6   Next: 21%
Magic:  10/10      EV: 15    Int: 12    God:
Gold:   184        SH:  0    Dex: 17    Spells: 0 memorised, 5 levels left

rFire  x . .     SeeInvis .     a - +0 short sword
rCold  + . .     Gourm    .     b - +0 leather armour
rNeg   . . .     Faith    .     (shield restricted)
rPois  .         Spirit   .     j - +0 helmet
rElec  .         Dismiss  .     (no cloak)
rCorr  .         Reflect  .     (no gloves)
SustAt .         Harm     .     (no boots)
MR     .....                    y - amulet of magic regeneration
Stlth  +++.......               (no ring)
                                m - ring of ice

@: not resistant to hostile enchantments, fairly stealthy
A: carnivore 3
a: no special abilities


You were on level 4 of the Dungeon.
You were completely stuffed.

You visited 1 branch of the dungeon, and saw 4 of its levels.

You collected 184 gold pieces.

Inventory:

Hand Weapons
 a - a +0 short sword (weapon)
Armour
 b - a +0 leather armour (worn)
 j - a +0 helmet (worn)
Jewellery
 m - a ring of ice (left hand)
 y - an amulet of magic regeneration (around neck)
Wands
 c - a wand of flame (0/48)
 d - a wand of enslavement (13/24)
 e - a wand of random effects (10/48)
Scrolls
 g - a scroll of amnesia {unknown}
 i - a scroll of recharging
 l - 2 scrolls of remove curse
 n - 2 scrolls of noise {unknown}
 p - a scroll of fear {unknown}
 r - a scroll of enchant weapon {unknown}
 u - a scroll of magic mapping
 w - a scroll of blinking {unknown}
 z - 2 scrolls of identify
Potions
 h - a potion of mutation {unknown}
 k - a potion of heal wounds {unknown}
 o - a potion of magic
 s - a potion of agility {unknown}
 t - a potion of flight {unknown}
Comestibles
 f - 2 meat rations
 q - 2 slices of pizza
 v - a beef jerky
 x - 2 chunks of flesh


   Skills:
 + Level 2.4 Fighting
 + Level 1.7 Short Blades
 + Level 1.9 Armour
 + Level 3.4 Dodging
 + Level 3.3 Stealth
 + Level 5.3 Evocations


You had 5 spell levels left.
You didn't know any spells.

Dungeon Overview and Level Annotations

Branches:
Dungeon (4/15)
 Temple: D:4-7

Altars:
Fedhas
Kikubaaqudgha
Sif Muna
Vehumet

Shops:
D:4 [


Innate Abilities, Weirdness & Mutations

You are small and have problems with some larger weapons.
You are carnivorous and can eat meat at any time.


Message History

You hit the centaur zombie. The centaur zombie misses you.
The centaur zombie hits you.
You barely miss the centaur zombie. The centaur zombie hits you.
Zapping:
e - a wand of random effects (11/48)
Press: ? - help, Shift-Dir - straight line, f - centaur zombie
Aim: a centaur zombie The centaur zombie flickers and vanishes!
Deactivating autopickup; reactivate with Ctrl-A.
This wand has 10 charges left.
Something hits you. The dart slug launches a dart at you.
The slug dart hits something.
The dart slug launches a dart at you.
The slug dart hits something.
Something barely misses you. The dart slug launches a dart at you.
The slug dart hits something.
Something hits you!
* * * LOW HITPOINT WARNING * * *
It was a potion of magic.
Magic courses through your body. Something hits you.
You die...

#.# . ###.#### ... ......######
####### .... ....... ...
>...... .#.# #.##.####.#
....... ... #.......#.# .......
.#####.......#.# .......
.............#.#########.......
..####..........@{....w........
..# #.........#########.......
..####.........# .......
.....######.#..# w...... .....#
#.#..# .###.## .....# #.#†.# .#
.# .....# #.#%.# .# # .....#
#.#.∩# .≈ .....# #....# ##w≈≈
≈≈≈


You could see a dart slug.

Vanquished Creatures
  A scorpion (D:4)
  2 orc wizards (D:3)
  A worker ant (D:4)
  3 adders
  An ooze (D:1)
  2 worms
  3 dart slugs (D:4)
  3 giant geckos (D:3)
  An orc (D:3)
  4 bats
  2 giant cockroaches (D:1)
  4 goblins
  8 hobgoblins
  4 jackals (D:2)
  3 kobolds (D:3)
  A quokka (D:2)
  2 ball pythons (D:1)
  4 giant newts
  4 rats
53 creatures vanquished.

Vanquished Creatures (collateral kills)
  2 orcs (D:3)
  A hobgoblin (D:3)
  A kobold (D:3)
4 creatures vanquished.

Grand Total: 57 creatures vanquished

Notes
Turn   | Place    | Note
--------------------------------------------------------------
     0 | D:1      | Hipnos the Kobold Artificer began the quest for the Orb.
     0 | D:1      | Reached XP level 1. HP: 12/12 MP: 3/3
   186 | D:1      | Reached skill level 4 in Evocations
   186 | D:1      | Reached XP level 2. HP: 5/16 MP: 5/5
   852 | D:2      | Reached XP level 3. HP: 5/20 MP: 6/6
   901 | D:2      | Found a blossoming altar of Fedhas.
   901 | D:2      | Found a deep blue altar of Sif Muna.
   904 | D:2      | Found a radiant altar of Vehumet.
   904 | D:2      | Found an ancient bone altar of Kikubaaqudgha.
  1582 | D:3      | Reached skill level 5 in Evocations
  1582 | D:3      | Reached XP level 4. HP: 24/26 MP: 7/7
  1623 | D:3      | Reached skill level 1 in Armour
  1623 | D:3      | Reached XP level 5. HP: 12/30 MP: 8/8
  2927 | D:4      | Found Fehadden's Armour Boutique.
  2938 | D:4      | Reached XP level 6. HP: 23/36 MP: 8/10
  2976 | D:4      | Slain by a centaur zombie

Skill      XL: |  1  2  3  4  5 |
---------------+----------------+-----
Evocations     | 4 5 |  5.3
Fighting       | 2 |  2.4
Armour         | 1 |  1.9
Stealth        | 3 |  3.3
Dodging        | 3 |  3.4
Short Blades   | |  1.7

Action                   |  1- 3 |  4- 6 || total
-------------------------+-------+-------++-------
Melee: Short sword       |    55 |    60 ||   115
       Mace              |       |    46 ||    46
Evoke: Wand              |    14 |     8 ||    22
  Use: Scroll            |       |     3 ||     3
       Potion            |       |     1 ||     1
 Stab: Sleeping          |     5 |     7 ||    12
  Eat: Chunk             |    10 |     5 ||    15
Armor: Leather armour    |    13 |    18 ||    31
Dodge: Dodged            |    43 |    64 ||   107
